 Dungeon Crawl Stone Soup version 0.31.0-32-g396128a36d (webtiles) character file.

Game seed: 15183816686353837813

387033 Marvel the Axe Maniac (level 22, -4/211 (217) HPs)
             Began as a Hill Orc Fighter on Mar 23, 2024.
             Was a High Priest of Okawaru.
             Engulfed by an ushabti's foul pestilence (11 damage)
             ... on level 1 of the Tomb of the Ancients on Mar 24, 2024.
             The game lasted 01:46:03 (45919 turns).

Marvel the Axe Maniac (Hill Orc Fighter)           Turns: 45919, Time: 01:46:04

HP:   -4/211 (217)  AC: 31    Str: 36    XL:     22   Next: 80%
MP:   35/35         EV:  8    Int:  3    God:    Okawaru [*****.]
Gold: 2319          SH:  0    Dex: 10    Spells: 21/21 levels left

rFire   + + .        Z - +8 hand axe of Uclaol {spect, rElec rC+ Str+2}
rCold   + + +        r - +8 tower shield
rNeg    + . .        c - +3 plate armour {rPois}
rPois   +            Q - +2 helmet {SInv}
rElec   +            G - scarf {rC+ rF+}
rCorr   .            C - +2 pair of gloves
SInv    +            d - +1 pair of boots of Theory {rF+ rC+ Regen+ Str-5 Int-3}
Will    +++++        o - amulet of the Four Winds {rN+ Will+++ Clar} Stlth
                     z - ring "Zeaxtar" {Will+ Str+5}
HPRegen 1.35/turn    q - ring of Cakeiheh {Fly Str+4 Int-2 Slay+5}
MPRegen 0.24/turn

%: clarity
@: confused, lethally poisoned (-4 -> -8), finesse-ful, ambrosia-drunk, flying,
slowed, studying 2 skills, lightly drained, very slow
A: no striking features
}: 2/15 runes: barnacled, gossamer
a: Renounce Religion, Heroism, Finesse, Duel


You were on level 1 of the Tomb of the Ancients.
You worshipped Okawaru.
Okawaru was extremely pleased with you.
You visited 8 branches of the dungeon, and saw 37 of its levels.
You also visited: Gauntlet and Desolation.

You collected 4735 gold pieces.
You spent 2416 gold pieces at shops.

Inventory:

Hand Weapons
 n - a +4 war axe of flaming
 Z - the +8 hand axe of Uclaol (weapon) {spect, rElec rC+ Str+2}
   (You found it on level 10 of the Dungeon)

   Str+2:     It affects your strength (+2).
   rC+:       It protects you from cold.
   rElec:     It insulates you from electricity.
Missiles
 M - 19 silver javelins (quivered)
 U - 12 curare-tipped darts
Armour
 c - a +3 plate armour of poison resistance (worn)
 d - the +1 pair of boots of Theory (worn) {rF+ rC+ Regen+ Str-5 Int-3}
   (Okawaru gifted it to you on level 4 of the Spider Nest)

   Str-5:     It affects your strength (-5).
   Int-3:     It affects your intelligence (-3).
   rF+:       It protects you from fire.
   rC+:       It protects you from cold.
   Regen+:    It increases your rate of health regeneration.
 r - a +8 tower shield (worn)
 C - a +2 pair of gloves (worn)
 G - a scarf of resistance (worn)
 Q - a +2 helmet of see invisible (worn)
Jewellery
 a - an amulet of reflection
 h - a ring of willpower
 m - an amulet of faith
 o - the amulet of the Four Winds (around neck) {rN+ Will+++ Clar}
   (You found it in the Desolation of Salt)

   [amulet of nothing]

   rN+:       It protects you from negative energy.
   Will+++:   It greatly increases your willpower.
   Clar:      It protects you from confusion, rage, mesmerisation and fear.
 q - the ring of Cakeiheh (right hand) {Fly Str+4 Int-2 Slay+5}
   (You bought it in a shop on level 2 of the Orcish Mines)

   [ring of flight]

   Str+4:     It affects your strength (+4).
   Int-2:     It affects your intelligence (-2).
   Slay+5:    It affects your accuracy & damage with ranged weapons and melee
   (+5).
   Fly:       It grants you flight.
 z - the ring "Zeaxtar" (left hand) {Will+ Str+5}
   (You took it off an imperial myrmidon in the Desolation of Salt)

   [ring of willpower]

   Str+5:     It affects your strength (+5).
   Will+:     It increases your willpower.
Wands
 x - a wand of flame (61)
 J - a wand of digging (11)
 L - a wand of iceblast (32)
 O - a wand of polymorph (13)
 T - a wand of paralysis (41)
 W - a wand of mindburst (35)
Scrolls
 b - 5 scrolls of poison
 f - 2 scrolls of revelation
 l - 4 scrolls of immolation
 t - a scroll of brand weapon
 v - 4 scrolls of noise
 w - 13 scrolls of teleportation
 y - a scroll of fear
 A - 4 scrolls of enchant armour
 B - 3 scrolls of silence
 H - 19 scrolls of identify
 K - 7 scrolls of vulnerability
 P - 2 scrolls of torment
 V - 3 scrolls of blinking
 Y - 7 scrolls of enchant weapon
Potions
 g - 3 potions of resistance
 i - 6 potions of enlightenment
 j - 17 potions of curing
 k - 9 potions of haste
 p - 4 potions of lignification
 s - 5 potions of invisibility
 u - 5 potions of mutation
 F - 3 potions of cancellation
 N - 5 potions of might
 X - 2 potions of ambrosia
Miscellaneous
 E - a phial of floods
 I - a lightning rod (4/4)


   Skills:
 * Level 22.5 Fighting
 + Level 5.5 Long Blades
 O Level 27 Axes
 + Level 2.5 Throwing
 + Level 17.6 Armour
 - Level 0.7 Dodging
 + Level 11.2 Stealth
 + Level 19.3 Shields
 * Level 18.5 Invocations


You had 21 spell levels left.
You didn't know any spells.
Your spell library contained the following spells:

 Spells                   Type           Power      Damage    Failure   Level
 Apportation              Tloc           0%         N/A       98%         1
 Freeze                   Ice            0%         1d3       98%         1
 Magic Dart               Conj           0%         1d3       98%         1
 Necrotise                Necr           0%         1d4       98%         1
 Slow                     Hex            0%         N/A       98%         1
 Sting                    Conj/Alch      0%         1d3       98%         1
 Ensorcelled Hibernation  Hex/Ice        0%         N/A       99%         2
 Jinxbite                 Hex            0%         N/A       99%         2
 Lesser Beckoning         Tloc           0%         N/A       99%         2
 Mercury Vapours          Alch/Air       0%         N/A       99%         2
 Searing Ray              Conj           0%         2d4       99%         2
 Sublimation of Blood     Necr           0%         N/A       99%         2
 Confusing Touch          Hex            0%         N/A       100%        3
 Dazzling Flash           Conj/Hex       0%         N/A       100%        3
 Frozen Ramparts          Ice            0%         1d1       100%        3
 Fugue of the Fallen      Necr           0%         N/A       100%        3
 Gell's Gravitas          Tloc           0%         N/A       100%        3
 Hailstorm                Conj/Ice       0%         3d5       100%        3
 Mephitic Cloud           Conj/Alch/Air  0%         N/A       100%        3
 Ozocubu's Armour         Ice            0%         N/A       100%        3
 Sigil of Binding         Hex            0%         N/A       100%        3
 Teleport Other           Tloc           0%         N/A       100%        3
 Vampiric Draining        Necr           0%         2d6       100%        3
 Volatile Blastmotes      Fire/Tloc      0%         2d10      100%        3
 Anguish                  Hex/Necr       0%         N/A       100%        4
 Fulminant Prism          Conj/Alch      0%         3d5       100%        4
 Ignite Poison            Fire/Alch      0%         N/A       100%        4
 Leda's Liquefaction      Alch/Erth      0%         N/A       100%        4
 Olgreb's Toxic Radiance  Alch           0%         N/A       100%        4
 Passage of Golubria      Tloc           0%         N/A       100%        4
 Sticky Flame             Fire/Alch      0%         2d4       100%        4
 Vhi's Electric Charge    Tloc/Air       0%         N/A       100%        4
 Alistair's Intoxication  Alch           0%         N/A       100%        5
 Arcjolt                  Conj/Air       0%         1d10      100%        5
 Borgnjor's Vile Clutch   Necr/Erth      0%         N/A       100%        5
 Curse of Agony           Necr           0%         N/A       100%        5
 Lee's Rapid Deconstruct  Erth           0%         3d4*      100%        5
 Metabolic Englaciation   Hex/Ice        0%         N/A       100%        5
 Silence                  Hex/Air        0%         N/A       100%        5
 Yara's Violent Unravell  Hex/Alch       0%         3d3       100%        5
 Bombard                  Conj/Erth      0%         9d1       100%        6
 Dispersal                Tloc           0%         N/A       100%        6
 Plasma Beam              Fire/Air       0%         2x1d10    100%        6
 Starburst                Conj/Fire      0%         6d3       100%        6
 Ignition                 Fire           0%         3d3       100%        8
 Maxwell's Capacitive Co  Air            0%         ∞         100%        8
 Summon Small Mammal      Summ           Unusable   N/A       N/A         1
 Call Imp                 Summ           Unusable   N/A       N/A         2
 Tukima's Dance           Hex            Unusable   N/A       N/A         3
 Death Channel            Necr           Unusable   N/A       N/A         6
 Sculpt Simulacrum        Ice/Alch       Unusable   N/A       N/A         6
 Haunt                    Necr/Summ      Unusable   N/A       N/A         7
 Summon Hydra             Summ           Unusable   N/A       N/A         7

Dungeon Overview and Level Annotations

Branches:
Dungeon (15/15)            Temple (0/1) D:5            Lair (5/5) D:9
 Shoals (4/4) Lair:2       Spider (4/4) Lair:2        Slime (0/5) Lair:4
    Orc (2/2) D:11            Elf (0/3) Orc:2        Vaults (3/5) D:14
  Crypt (3/3) Vaults:3       Tomb (1/3) Crypt:3      Depths (0/4) D:15
Desolation (visited)      Gauntlet (visited)

Altars:
Ashenzari
Cheibriados
Elyvilon
Fedhas
Kikubaaqudgha
Makhleb
Nemelex Xobeh
Okawaru
Qazlal
Trog
Wu Jian
Xom
Yredelemnul
Jiyva

Shops:
D:4 *   Orc:2 =(*!(   Shoals:3 :

Portals:
Pandemonium: Orc:2

Annotations:
D:7 3 runed translucent doors


Message History

* * * LOW HITPOINT WARNING * * *
The bennu barely misses you.
The ushabti shakes and rattles deafeningly!
The bennu barely misses you. The bennu claws you but does no damage.
The bennu completely misses you.
A mummy priest comes into view.
The bennu jubilantly flits about.
The bennu pecks you but does no damage. The bennu claws you but does no damage.
The bennu barely misses you.
You completely miss the bennu.
The bennu is moderately wounded.
Your +8 hand axe of Uclaol {spect, rElec rC+ Str+2} hits the bennu!!
You closely miss the bennu.
The bennu is heavily wounded.
Your +8 hand axe of Uclaol {spect, rElec rC+ Str+2} hits the bennu!!
The bennu completely misses your +8 hand axe of Uclaol {spect, rElec rC+ Str+2}.
The bennu claws your +8 hand axe of Uclaol {spect, rElec rC+ Str+2} but does no damage.
The bennu claws your +8 hand axe of Uclaol {spect, rElec rC+ Str+2}.
Your spectral weapon shares its damage with you!
* * * LOW HITPOINT WARNING * * *
Your +8 hand axe of Uclaol {spect, rElec rC+ Str+2} disappears.
The bennu pecks you but does no damage.
The bennu claws you but does no damage. x2
You hear a loud "Zot"!
A mummy priest comes into view.
The ushabti shakes and rattles.
The vile air hits you but does no damage.
The bennu pecks you but does no damage.
The bennu claws you but does no damage. x2
The mummy priest utters an invocation to its god.
A royal mummy comes into view.
You're too confused to move!
You are engulfed in dark miasma.
You are poisoned.
You feel extremely sick. The bennu pecks you but does no damage.
The bennu claws you but does no damage. x2
The bennu pecks you but does no damage.
The bennu claws you but does no damage. x2
The mummy priest utters an invocation to its god. x2
The bennu closely misses you. The bennu claws you!
* * * LOW HITPOINT WARNING * * *
The bennu claws you but does no damage.
You are engulfed in dark miasma.
You die...

#.........#
#.........#
#.........#
#.........#
#.........#
##########
#.........#
W.M.....○#
#.........#
..W.n.b°.#
#.........#
.Z.....@.#
#.........#
.......☼.#
#.........#
......☼9.#
#.........#
$.....☼..#
#.........#
..3$.....#
#.........#
M.....M..#
#.........#
.........#
#.........#
.........#
#..)......#
#.........#


You could see a royal mummy, a bennu, 2 mummy priests, a flayed ghost
(summoned), an ushabti, a freezing wraith (summoned), a spectral titan
(summoned), a ynoxinul (summoned) and a necrophage (summoned).

Vanquished Creatures
  An ancient lich (Crypt:3)
  Bai Suzhen (Vaults:2)
  Boris (Crypt:3)
  A profane servitor (Crypt:1)
  Jory (Crypt:2)
  2 bone dragons
  A shard shrike zombie (Crypt:2)
  Jorgrun (Orc:1)
  Rupert (Lair:4)
  2 liches (Crypt:3)
  Mlioglotl (Shoals:3)
  3 sphinxes
  4 ancient champions
  A kraken (Shoals:2)
  Roxanne (Shoals:1)
  5 revenants
  The ghost of Beaer the Grappler, a journeyman TrFi of Gozag (Shoals:3)
  4 imperial myrmidons (Desolation)
  4 vault wardens
  A frost giant (Shoals:4)
  9 emperor scorpions
  4 ghost moths
  6 ghouls
  A juggernaut zombie (Crypt:3)
  A curse skull (Crypt:2)
  12 ironbound preservers
  3 ironbound thunderhulks
  4 broodmothers
  An orc warlord (Vaults:2)
  7 vampire knights
  A formless jellyfish (Vaults:2)
  4 deep elf death magi
  A halazid warlock (Desolation)
  A bennu (Tomb:1)
  A spark wasp (Spider:4)
  18 dire elephants
  4 war gargoyles (Crypt:3)
  2 eidola (Crypt:1)
  A minotaur (Gauntlet)
  A fire dragon (Lair:5)
  6 crystal guardians
  9 merfolk impalers
  8 jiangshi
  An acid blob zombie (Crypt:1)
  5 entropy weavers
  6 merfolk javelineers (Shoals:4)
  6 ragged hierophants (Desolation)
  7 yaktaur captains
  7 peacekeepers
  Erolcha (D:12)
  A fenstrider witch zombie (Crypt:3)
  2 great orbs of eyes (Vaults:1)
  3 jorogumos
  5 hydras
  A spriggan zombie (Crypt:3)
  3 demonspawn (Orc:2)
  7 servants of whispers
  6 ironbound frosthearts
  A spriggan skeleton (Tomb:1)
  2 merfolk aquamancers (Shoals:4)
  A merfolk avatar (Shoals:2)
  4 alligator snapping turtles
  A catoblepas (D:15)
  20 centaur warriors
  2 radroaches
  A sphinx zombie (Crypt:1)
  A death knight (D:15)
  2 satyrs
  7 boulder beetles
  5 dancing weapons (Crypt:3)
  8 death scarabs (Tomb:1)
  3 two-headed ogres
  3 vampire magi
  2 titan zombies
  12 death yaks
  Urug (D:13)
  6 demonic crawlers
  10 orc high priests
  A titan skeleton (Crypt:2)
  33 skeletal warriors
  2 skysharks
  A bunyip zombie (Crypt:3)
  9 pharaoh ants
  6 hell knights (Crypt:3)
  13 sea snakes
  30 deep trolls
  A shadow wraith (Crypt:2)
  5 flayed ghosts
  2 sun moths
  5 arcanists
  12 orb spiders
  9 lindwurms
  A golden dragon zombie (Crypt:3)
  A swamp dragon (Lair:5)
  6 steelbarb worms
  A broodmother zombie (Crypt:1)
  15 harpies
  A harpy (shapeshifter) (D:15)
  A kraken simulacrum (Shoals:4)
  A fenstrider witch simulacrum (Tomb:1)
  Pikel (D:5)
  5 phantasmal warriors
  20 wolf spiders
  A shadow dragon zombie (Crypt:3)
  5 orc sorcerers
  4 orc knights
  2 eleionoma zombies
  12 ironbound convokers
  10 necromancers
  9 manticores
  12 ugly things
  11 cyclopes
  A frost giant zombie (Crypt:2)
  A deep elf pyromancer (D:14)
  2 oklob plants
  A salamander (D:15)
  7 fauns
  A stone giant skeleton (Crypt:3)
  6 meliai
  A rust devil (Orc:2)
  A centaur zombie (Crypt:2)
  5 moths of wrath
  7 elephants
  2 kobold blastminers (Orc:2)
  3 water nymphs
  5 torpor snails
  5 merfolk sirens
  2 guardian serpents (Desolation)
  An ice statue (Shoals:1)
  A dire elephant zombie (Crypt:3)
  Joseph (D:7)
  A centaur skeleton (Crypt:3)
  7 vault sentinels
  3 black mambas
  A smoke demon (Orc:2)
  A gargoyle (D:8)
  11 cane toads
  A naga skeleton (Crypt:2)
  A freezing wraith (D:15)
  7 komodo dragons
  2 alligator snapping turtle skeletons (Crypt:2)
  A dire elephant skeleton (Crypt:3)
  An unseen horror (D:12)
  A yellow draconian zombie (Crypt:2)
  32 yaktaurs
  2 ice devils
  2 tengu conjurers (D:13)
  9 rime drakes
  4 efreet
  4 swamp worm zombies (Crypt:2)
  A minotaur skeleton (Crypt:3)
  2 guardian mummies (Tomb:1)
  A hydra zombie (Crypt:1)
  A white draconian skeleton (Crypt:1)
  A red devil (Orc:2)
  A hellwing (Orc:2)
  4 trolls
  A polar bear (Lair:3)
  8 wind drakes
  15 merfolk
  29 tarantellas
  50 saltlings
  A harpy skeleton (Tomb:1)
  15 snapping turtles
  27 dream sheep
  8 blink frogs
  23 slime creatures
  Sigmund (D:3)
  23 culicivoras
  34 jumping spiders
  A shadow (D:10)
  5 wyverns
  A black mamba zombie (Crypt:3)
  2 vampires
  3 water elementals
  2 ushabtiu (Tomb:1)
  13 wraiths
  48 yaks
  16 humans
  42 redbacks
  3 wargs
  Grum (D:9)
  3 vampire mosquitoes (D:14)
  8 basilisks
  A steam dragon (Lair:5)
  Menkaure (D:4)
  A naga zombie (Crypt:3)
  13 water moccasins
  3 acid dragons
  Duvessa (D:7)
  A swamp drake (Lair:5)
  4 ice beasts
  2 sky beasts (D:7)
  39 orc warriors
  An ice dragon simulacrum (Crypt:2)
  13 wolves
  7 centaurs
  48 laughing skulls
  5 ogres
  4 phantoms
  An elf zombie (Crypt:2)
  6 kobold brigands
  12 bullfrogs
  3 necrophages
  A gnoll sergeant (D:11)
  A scorpion (D:6)
  6 earth elementals (D:15)
  21 wights
  Dowan (D:7)
  A troll zombie (Crypt:2)
  24 killer bees
  An electric eel (Spider:4)
  3 howler monkeys
  2 bombardier beetles
  29 orc priests
  4 jellies
  10 iguanas
  4 sleepcaps
  14 orc wizards
  An acid dragon zombie (Crypt:2)
  6 mummies (Tomb:1)
  11 adders
  3 gnolls (D:11)
  4 shadow imps
  A ribbon worm zombie (Crypt:1)
  5 white imps
  2 dart slugs (D:1)
  3 ribbon worms
  90 orcs
  5 ball pythons
  6 endoplasms
  4 giant cockroaches
  3 goblins
  7 hobgoblins
  4 jackals (D:1)
  4 quokkas
  8 bats
  2 frilled lizards (D:3)
  A frilled lizard skeleton (Crypt:2)
  24 kobolds
  A kobold skeleton (Crypt:1)
  5 rats
  2 tentacles
1571 creatures vanquished.

Vanquished Creatures (others)
  85 spectral weapons
  8 tentacles
93 creatures vanquished.

Grand Total: 1664 creatures vanquished

Notes
Turn   | Place    | Note
-------+----------+-------------------------------------------
     0 | D:1      | Marvel the Hill Orc Fighter began the quest for the Orb.
     0 | D:1      | Reached XP level 1. HP: 19/19 MP: 1/1
    80 | D:1      | Reached XP level 2. HP: 19/27 MP: 2/2
    94 | D:1      | Reached skill level 3 in Axes
   444 | D:1      | Found a faded altar of an unknown god.
   477 | D:1      | Reached XP level 3. HP: 33/33 MP: 3/3
  1169 | D:2      | Reached skill level 4 in Axes
  1169 | D:2      | Reached XP level 4. HP: 38/40 MP: 4/4
  1633 | D:3      | Found an iron altar of Okawaru.
  1651 | D:3      | Became a worshipper of Warmaster Okawaru
  1748 | D:3      | Found a bloodstained altar of Trog.
  1765 | D:3      | Noticed Sigmund
  1781 | D:3      | Killed Sigmund
  1781 | D:3      | Reached * piety under Okawaru
  1782 | D:3      | Reached skill level 5 in Axes
  1782 | D:3      | Reached XP level 5. HP: 26/47 MP: 5/5
  1782 | D:3      | Reached XP level 6. HP: 30/53 MP: 6/6
  2359 | D:4      | Reached skill level 6 in Axes
  2359 | D:4      | Reached skill level 1 in Invocations
  2467 | D:4      | Noticed an ice beast
  2484 | D:4      | Killed an ice beast
  2485 | D:4      | Reached XP level 7. HP: 19/60 MP: 6/8
  2557 | D:5      | Entered Level 5 of the Dungeon
  2736 | D:4      | Found Medowuef's Assorted Antiques.
  2741 | D:4      | Bought a scroll labelled HIPHYVAUNIG for 21 gold pieces
  2741 | D:4      | Bought a fuming coppery potion for 18 gold pieces
  2741 | D:4      | Bought a scroll labelled BEGGIR MITRUKA for 21 gold pieces
  2772 | D:4      | Reached skill level 5 in Fighting
  2863 | D:4      | Found a stormy altar of Qazlal.
  2865 | D:4      | Noticed a fire elemental
  2874 | D:4      | Noticed a water elemental
  2877 | D:4      | Noticed an air elemental
  2996 | D:4      | Noticed Menkaure
  3000 | D:4      | Killed Menkaure
  3001 | D:4      | Reached skill level 7 in Axes
  3103 | D:4      | Found a white marble altar of Elyvilon.
  3352 | D:5      | Reached skill level 5 in Armour
  3468 | D:5      | Noticed Pikel
  3500 | D:5      | Killed Pikel
  3500 | D:5      | Reached ** piety under Okawaru
  3501 | D:5      | Reached skill level 8 in Axes
  3501 | D:5      | Reached skill level 5 in Shields
  3501 | D:5      | Reached XP level 8. HP: 14/70 MP: 7/11
  3838 | D:5      | Reached skill level 9 in Axes
  4042 | D:5      | Found a staircase to the Ecumenical Temple.
  4289 | D:5      | Reached *** piety under Okawaru
  4450 | D:6      | Reached skill level 5 in Invocations
  4605 | D:6      | Reached XP level 9. HP: 75/75 MP: 12/12
  4632 | D:5      | Reached skill level 10 in Axes
  5312 | D:6      | You fall into a shaft and drop 1 floor!
  5421 | D:7      | Noticed Joseph
  5444 | D:7      | Killed Joseph
  5701 | D:7      | Noticed Duvessa
  5702 | D:7      | Noticed Dowan
  5713 | D:7      | Killed Dowan
  5714 | D:7      | Reached skill level 11 in Axes
  5719 | D:7      | Killed Duvessa
  6284 | D:6      | Reached **** piety under Okawaru
  6318 | D:6      | Noticed a two-headed ogre
  6324 | D:6      | Killed a two-headed ogre
  6325 | D:6      | Reached skill level 12 in Axes
  6325 | D:6      | Reached XP level 10. HP: 67/86 MP: 12/15
  6587 | D:6      | Found a broken altar of Ashenzari.
  6740 | D:6      | Found an ancient bone altar of Kikubaaqudgha.
  6777 | D:6      | Found a sparkling altar of Nemelex Xobeh.
  6964 | D:7      | Reached skill level 13 in Axes
  7143 | D:7      | Found a runed translucent door.
  7143 | D:7      | Noticed a two-headed ogre
  7247 | D:7      | Noticed a brown ugly thing
  7248 | D:7      | Found a runed translucent door.
  7248 | D:7      | Noticed an arcanist
  7249 | D:7      | Found a runed translucent door.
  7343 | D:7      | Found a snail-covered altar of Cheibriados.
  7712 | D:8      | Found a blossoming altar of Fedhas.
  7754 | D:8      | Reached skill level 10 in Fighting
  7754 | D:8      | Reached skill level 15 in Axes
  7754 | D:8      | Reached XP level 11. HP: 99/101 MP: 16/16
  7777 | D:8      | Found a shimmering altar of Xom.
  7777 | D:8      | Found a shimmering altar of Xom.
  7779 | D:8      | Found a shimmering altar of Xom.
  7786 | D:8      | Found a shimmering altar of Xom.
  8097 | D:8      | Reached ***** piety under Okawaru
  8123 | D:8      | Noticed a manticore
  8146 | D:8      | Killed a manticore
  8147 | D:8      | Reached skill level 10 in Armour
  8632 | D:9      | Noticed Grum
  8644 | D:9      | Killed Grum
  8645 | D:9      | Reached skill level 16 in Axes
  8696 | D:9      | Found a staircase to the Lair.
  8711 | D:9      | Reached XP level 12. HP: 57/110 MP: 14/17
  8937 | D:9      | Reached skill level 1 in Throwing
  9505 | D:9      | Received a gift from Okawaru
  9613 | D:9      | Found an ornate altar of the Wu Jian Council.
  9641 | D:9      | Found a burning altar of Makhleb.
  9671 | D:10     | Entered Level 10 of the Dungeon
  9931 | D:10     | Identified the +8 hand axe of Uclaol {spect, rElec rC+
                  | Str+2}
 10028 | D:10     | Noticed a two-headed ogre
 10036 | D:10     | Killed a two-headed ogre
 11076 | D:11     | Reached skill level 17 in Axes
 11341 | D:11     | Found a staircase to the Orcish Mines.
 11659 | D:12     | Received a gift from Okawaru
 12021 | D:12     | Noticed Erolcha
 12036 | D:13     | Noticed a centaur warrior
 12046 | D:13     | Killed a centaur warrior
 12047 | D:13     | Reached skill level 18 in Axes
 12099 | D:13     | Noticed a centaur warrior
 12107 | D:13     | Killed a centaur warrior
 12115 | D:13     | Reached XP level 13. HP: 73/119 MP: 17/19
 12509 | D:13     | Received a gift from Okawaru
 12517 | D:13     | Reached skill level 19 in Axes
 13291 | D:14     | Noticed Urug
 13291 | D:14     | Found a gate to the Vaults.
 13342 | D:13     | Killed Urug
 13530 | D:13     | Received a gift from Okawaru
 13531 | D:13     | Reached skill level 1 in Stealth
 13599 | D:12     | Killed Erolcha
 14360 | D:14     | Reached skill level 20 in Axes
 14363 | D:14     | Reached skill level 10 in Invocations
 14363 | D:14     | Reached XP level 14. HP: 113/132 MP: 19/21
 15629 | D:15     | Entered Level 15 of the Dungeon
 16207 | D:15     | Reached XP level 15. HP: 138/138 MP: 20/23
 16477 | D:15     | Found a staircase to the Depths.
 17232 | D:15     | Reached skill level 1 in Long Blades
 17309 | D:13     | Reached skill level 21 in Axes
 17492 | Lair:1   | Entered Level 1 of the Lair of Beasts
 17694 | Lair:1   | Found a gate leading to a gauntlet.
 17703 | Gauntlet | Entered a Gauntlet
 17703 | Gauntlet | Found a transporter.
 17715 | Gauntlet | Found a transporter.
 17717 | Gauntlet | Found a transporter.
 17726 | Gauntlet | Found a transporter.
 17743 | Gauntlet | Found a transporter.
 17750 | Gauntlet | Found a transporter.
 17765 | Gauntlet | Found a transporter.
 17784 | Gauntlet | Found a transporter.
 17796 | Gauntlet | Found a transporter.
 17808 | Gauntlet | Found a transporter.
 17816 | Gauntlet | Found a large runed translucent door.
 17817 | Gauntlet | Found a large runed translucent door.
 17818 | Gauntlet | Found a large runed translucent door.
 17818 | Gauntlet | Found a large runed translucent door.
 17819 | Gauntlet | Found a runed translucent gate.
 17820 | Gauntlet | Found a transporter.
 17820 | Gauntlet | Found a runed translucent gate.
 17821 | Gauntlet | Found a runed translucent gate.
 17822 | Gauntlet | Found a large runed translucent door.
 17822 | Gauntlet | Found a large runed translucent door.
 17823 | Gauntlet | Found a large runed translucent door.
 17824 | Gauntlet | Found a large runed translucent door.
 17834 | Gauntlet | Found a transporter.
 17879 | Gauntlet | Found a transporter.
 17927 | Gauntlet | Found a transporter.
 17942 | Gauntlet | Found a large runed translucent door.
 17943 | Gauntlet | Found a large runed translucent door.
 17944 | Gauntlet | Found a large runed translucent door.
 17944 | Gauntlet | Found a large runed translucent door.
 17945 | Gauntlet | Found a runed translucent door.
 17946 | Gauntlet | Found a transporter.
 17947 | Gauntlet | Found a runed translucent door.
 17948 | Gauntlet | Found a large runed translucent door.
 17948 | Gauntlet | Found a transporter.
 17948 | Gauntlet | Found a large runed translucent door.
 17949 | Gauntlet | Found a large runed translucent door.
 17950 | Gauntlet | Found a large runed translucent door.
 17975 | Gauntlet | Found a transporter.
 17977 | Gauntlet | Found a transporter.
 18133 | Gauntlet | Identified the +0 helmet of Circular Logic {rC- Int+5
                  | Dex+6}
 18163 | Gauntlet | Reached skill level 15 in Fighting
 18225 | Gauntlet | Identified the +6 morningstar of the Vaults {heavy, rPois}
 19913 | Lair:2   | Found a hole to the Spider Nest.
 20492 | Lair:3   | Found a sparkling altar of Nemelex Xobeh.
 20631 | Lair:3   | Reached skill level 5 in Long Blades
 20873 | Lair:3   | Received a gift from Okawaru
 20957 | Lair:3   | Identified the +2 hand axe "Erhi" {speed, *Corrode rC+++
                  | Will++ Dex+3}
 21403 | Lair:4   | Reached XP level 16. HP: 130/151 MP: 24/24
 21607 | Lair:4   | Noticed Rupert
 21621 | Lair:4   | Killed Rupert
 22061 | Lair:4   | Found a viscous altar of Jiyva.
 22062 | Lair:4   | Found a staircase to the Slime Pits.
 22490 | Lair:5   | Entered Level 5 of the Lair of Beasts
 23216 | Lair:5   | Received a gift from Okawaru
 23742 | Lair:5   | Reached skill level 22 in Axes
 24570 | Orc:1    | Entered Level 1 of the Orcish Mines
 24675 | Orc:1    | Reached skill level 5 in Stealth
 24893 | Orc:1    | Noticed Jorgrun
 24906 | Orc:1    | Killed Jorgrun
 24906 | Orc:1    | Received a gift from Okawaru
 25318 | Orc:2    | Entered Level 2 of the Orcish Mines
 25338 | Orc:2    | Found a staircase to the Elven Halls.
 25564 | Orc:2    | Found Modd's Antique Weapon Emporium.
 25896 | Orc:2    | Found Yxkeroci's Distillery.
 25898 | Orc:2    | Found Dagimenk's General Store.
 26188 | Orc:2    | Reached skill level 15 in Armour
 26619 | Orc:2    | Reached XP level 17. HP: 141/162 MP: 25/25
 26649 | Orc:2    | Found Ikuzideph's Jewellery Boutique.
 26649 | Orc:2    | Found a one-way gate leading to the halls of Pandemonium.
 26649 | Orc:2    | Found Kicah's Antique Weapon Shop.
 26744 | Orc:2    | Bought the ring of Cakeiheh {Fly Str+4 Int-2 Slay+5} for
                  | 596 gold pieces
 27218 | Spider:1 | Entered Level 1 of the Spider Nest
 27750 | Spider:1 | You are sucked into a shaft and drop 1 floor!
 28030 | Spider:2 | Received a gift from Okawaru
 28521 | Spider:2 | Reached skill level 23 in Axes
 29713 | Spider:3 | Received a gift from Okawaru
 30486 | Spider:3 | Received a gift from Okawaru
 30695 | Spider:3 | Reached XP level 18. HP: 156/173 MP: 27/27
 30698 | Spider:3 | Reached skill level 10 in Shields
 30992 | Spider:4 | Entered Level 4 of the Spider Nest
 31597 | Spider:4 | Reached ****** piety under Okawaru
 31598 | Spider:4 | Acquired the +1 pair of boots of Theory {rF+ rC+ Regen+
                  | Str-5 Int-3}
 31598 | Spider:4 | Received a gift from Okawaru
 31789 | Spider:4 | Acquired the +1 broad axe "Qawniu" {heavy, rN+ Str+2}
 31789 | Spider:4 | Received a gift from Okawaru
 31890 | Spider:4 | Received a gift from Okawaru
 32468 | Spider:4 | Got a gossamer rune of Zot
 33019 | Shoals:1 | Entered Level 1 of the Shoals
 33036 | Shoals:1 | Received a gift from Okawaru
 33742 | Shoals:1 | Noticed Roxanne
 33782 | Shoals:1 | Killed Roxanne
 33947 | Shoals:2 | Received a gift from Okawaru
 34752 | Shoals:3 | Found a transporter.
 34970 | Shoals:3 | Noticed Mlioglotl
 34985 | Shoals:3 | Killed Mlioglotl
 35065 | Shoals:3 | Reached XP level 19. HP: 171/183 MP: 28/28
 35251 | Shoals:3 | Found a transporter.
 35254 | Shoals:3 | Noticed Beaer's ghost (journeyman TrFi)
 35324 | Shoals:3 | Reached skill level 24 in Axes
 35343 | Shoals:3 | Found Tenwifaz's Self-Improvement Boutique.
 35362 | Shoals:3 | Bought a manual of Stealth for 880 gold pieces
 35362 | Shoals:3 | Bought a manual of Axes for 880 gold pieces
 35557 | Shoals:3 | Killed Beaer's ghost
 35562 | Shoals:3 | Identified the +3 pair of boots "Etil" {Will+ Int-4 Dex+5}
 35611 | Shoals:4 | Entered Level 4 of the Shoals
 35669 | Shoals:4 | Received a gift from Okawaru
 35847 | Shoals:4 | Got a barnacled rune of Zot
 35849 | Shoals:4 | Got an azure gem with 0 turns to spare
 36320 | Shoals:4 | Received a gift from Okawaru
 36412 | Shoals:4 | Identified the +0 helmet of Jischisk {rC- Regen+ rCorr
                  | Int-3}
 37584 | Vaults:1 | Entered Level 1 of the Vaults
 37655 | Vaults:1 | Received a gift from Okawaru
 38218 | Vaults:1 | Received a gift from Okawaru
 38304 | Vaults:1 | Reached XP level 20. HP: 155/193 MP: 28/30
 38314 | Vaults:1 | Reached skill level 15 in Shields
 38579 | Vaults:1 | Reached skill level 25 in Axes
 38669 | Vaults:1 | Received a gift from Okawaru
 38677 | Vaults:1 | Reached skill level 15 in Invocations
 39108 | Vaults:2 | Noticed Bai Suzhen
 39127 | Vaults:2 | Killed Bai Suzhen
 39353 | Vaults:2 | Received a gift from Okawaru
 39735 | Vaults:2 | Identified the +0 scale mail of the Lizard {Slay+3}
 39889 | Vaults:2 | Identified the +10 arbalest "Temuq" {heavy, +Blink rCorr
                  | Dex+3 Stlth+}
 39947 | Vaults:2 | Paralysed by a sphinx for 4 turns
 39953 | Vaults:2 | Received a gift from Okawaru
 40207 | Vaults:2 | Paralysed by a formless jellyfish for 1 turns
 40644 | Vaults:3 | Found a crumbling gateway.
 40660 | Desolati | Entered the Desolation of Salt
 40701 | Desolati | Reached XP level 21. HP: 179/202 MP: 33/33
 40936 | Desolati | Received a gift from Okawaru
 40949 | Desolati | Reached skill level 26 in Axes
 41070 | Desolati | Identified the ring "Zeaxtar" {Will+ Str+5}
 41191 | Desolati | Identified the amulet of Balus {Harm rElec rN++ Regen+
                  | Dex-4}
 41285 | Desolati | Found the amulet of the Four Winds {rN+ Will+++ Clar}
 41342 | Desolati | Identified the +10 great mace "Mygabo Uhoh" {antimagic,
                  | *Rage rElec rC+++}
 41343 | Desolati | Identified the +10 shortbow "Killer Bee's Death" {speed,
                  | +Blink rPois rF- Int+5}
 41366 | Desolati | Identified the staff "Goblinslayer" {Dex+3 Conj}
 41380 | Desolati | Identified the +0 scale mail of Disguise {rF++ rN++ Will-}
 41578 | Desolati | Identified the +0 scale mail of Action {rF+}
 41887 | Vaults:3 | Found a staircase to the Crypt.
 41902 | Crypt:1  | Entered Level 1 of the Crypt
 42026 | Crypt:1  | Reached skill level 10 in Stealth
 42299 | Crypt:1  | Found a basalt altar of Yredelemnul.
 42299 | Crypt:1  | Noticed a profane servitor
 42301 | Crypt:1  | Noticed a bone dragon
 42318 | Crypt:1  | Killed a profane servitor
 42323 | Crypt:1  | Killed a bone dragon
 42394 | Crypt:1  | Identified the ring "Kamniry" {Fly rC+ AC+4 Int-5 Dex+3}
 42396 | Crypt:1  | Identified the ring "Feffothru" {Int+5 Dex+6}
 42422 | Crypt:1  | Identified the +7 lajatang of the Endless March {antimagic,
                  | *Slow rElec rF++ rC+}
 42424 | Crypt:1  | Identified the +2 kite shield of Finaghoq {rC+ Str+5}
 42987 | Crypt:2  | Reached skill level 27 in Axes
 43215 | Crypt:2  | Reached XP level 22. HP: 155/188 MP: 34/34
 43890 | Crypt:2  | Noticed Jory
 43907 | Crypt:2  | Killed Jory
 43995 | Crypt:3  | Entered Level 3 of the Crypt
 44087 | Crypt:3  | Noticed Boris
 44109 | Crypt:3  | Killed Boris
 44176 | Crypt:3  | Received a gift from Okawaru
 44738 | Crypt:3  | Noticed an ancient lich
 44739 | Crypt:3  | Found an ancient bone altar of Kikubaaqudgha.
 44755 | Crypt:3  | Killed an ancient lich
 44800 | Crypt:3  | Got Ynkiumeim's Compilation of Debased Deeds
 44975 | Crypt:3  | Found a staircase to the Tomb.
 45603 | Tomb:1   | Entered Level 1 of the Tomb of the Ancients
 45892 | Tomb:1   | Noticed a royal mummy
 45910 | Tomb:1   | HP: 9/210 [spore (18)]
 45916 | Tomb:1   | HP: 10/211 [bennu (2)]
 45917 | Tomb:1   | Noticed a royal mummy
 45919 | Tomb:1   | Engulfed by an ushabti's foul pestilence

Illustrated notes

Levels and vault maps discovered:
D:1:      elethiomel_arrival_shortcut, layout_loops_ring,
          dreamdust_ecumenical_altar_sealed_demon, minmay_octomino_j4
D:2:      layout_loops_ring
D:3:      layout_loops_cross, trog_book, okawaru_gym_becter, st_stairs_8,
          uniq_sigmund
D:4:      layout_basic, nicolae_qazlal_style_of_elements,
          nicolae_overflow_hidden_temple, serial_shops,
          nicolae_shop_rolling_square, uniq_menkaure
D:5:      layout_loops_ring, temple_green, uniq_pikel
D:6:      cheibrodos_barr_body, layout_rooms, kennysheep_little_box,
          mainiacjoe_overflow_two_lobes, hangedman_abyss_or_decor_lesser_grid,
          kennysheep_crisscross
D:7:      minmay_the_grid_triangle_9x9_rhombus_full
          [minmay_the_grid_triangle_9x9_fully_insulated_deathbox,
          minmay_the_grid_triangle_9x9_thin_v,
          minmay_the_grid_triangle_9x9_empty,
          minmay_the_grid_triangle_9x9_impossible_snake,
          minmay_the_grid_triangle_9x9_swiss_cheese,
          minmay_the_grid_triangle_9x9_shrine,
          minmay_the_grid_triangle_9x9_from_above,
          minmay_the_grid_triangle_9x9_prize_insulated], layout_basic,
          slow_altar_1, lightli_minifort, uniq_duvessa, uniq_joseph
D:8:      layout_cave_pools, xom_shifter_show, mainiacjoe_overflow_brackets,
          minmay_diamond_spiral
D:9:      layout_cave_pods, lightli_temple_of_fire,
          nicolae_wu_jian_immortal_techniques, david_lair_generic, uniq_grum
D:10:     lemuel_ice_spiral_2, layout_stronghold, amcnicky_mini_pool_small
D:11:     layout_loops_ring, kennysheep_orc_monster_closet_entryway
D:12:     layout_long_grid, uniq_erolcha
D:13:     layout_cave_pools
D:14:     layout_loops_corners, david_vaults_3
D:15:     hangedman_depths_entry_try_elsewhere_first, layout_irregular_city,
          hangedman_cracks_in_the_wall
Lair:1:   layout_cave_pods, gauntlet_entry_generic
Lair:2:   layout_chaotic_city, nicolae_shoals_entry_flooding,
          spider_nest_entry_rubble
Lair:3:   layout_hall_layers, lemuel_oklob_altar, grunt_megastairs_2,
          lemuel_fruit_tree
Lair:4:   layout_cave_pods, slime_entry_1, eino_small_chamber_without_monster,
          eino_small_chamber_without_monster, grunt_megastairs_5,
          lemuel_fruit_fields, uniq_rupert
Lair:5:   guppyfry_lair_end_dragon, layout_regular_city,
          hangedman_lair_in_review
Shoals:1: layout_shoals, nicolae_shoals_circle_sea_wall, dpeg_stationary_puzzle,
          uniq_roxanne
Shoals:2: layout_shoals
Shoals:3: layout_shoals, gammafunk_ghost_berserking_beasts,
          nicolae_shop_self_help, uniq_mlioglotl
Shoals:4: shoals_end_grunt_ice, layout_shoals
Spider:1: layout_spider_delve
Spider:2: layout_chambers
Spider:3: layout_spider_delve
Spider:4: grunt_spider_rune_circles, drop_trap, nicolae_spider_circle_web,
          nicolae_spider_orb_run
Orc:1:    layout_caves, uniq_jorgrun
Orc:2:    pf_orc_diabolical, layout_diamond_mine, serial_shops,
          nicolae_shop_tiny_waterfront
Vaults:1: nicolae_vaults_disjoint_gnomons, v_rooms_3,
          hangedman_vaults_restitches, hangedman_vaults_stretched_pinwheel,
          ontoclasm_vaults_gateway, vaults_dpeg_spiral,
          nicolae_vaults_little_squares_6, vaults_dpeg_cross, vaults_dpeg_hooks,
          ontoclasm_vaults_chip, layout_vaults_ring
Vaults:2: nicolae_vaults_door_testing_chamber, nicolae_vaults_sesquioval_fish,
          nicolae_vaults_shelves_hall, vaults_room_semicircle,
          nicolae_vaults_lightning_bolt, nicolae_vaults_mini_display_case,
          nicolae_vaults_closet_pinwheel_6, nicolae_vaults_house_2,
          nicolae_vaults_network_star, nicolae_vaults_tangram_2, v_misc_8,
          nicolae_vaults_closet_pinwheel_4, layout_vaults_omnibox,
          uniq_bai_suzhen
Vaults:3: portal_desolation_entry_nicolae_nacl, minmay_crypt_entry_simple_round,
          hangedman_vaults_corner_blocks, nicolae_vaults_ninety_degrees,
          hangedman_vaults_corner, nicolae_vaults_tetromino_L_1, v_misc_30,
          dpeg_vaults_monster_box, nicolae_vaults_house_1,
          nicolae_vaults_little_squares_5, v_misc_27,
          nicolae_vaults_wine_cellar, nicolae_vaults_tangram_1,
          layout_vaults_big_cross
Crypt:1:  gammafunk_crypt_yreds_forest, layout_gridlike,
          grunt_crypt_arrival_split
Crypt:2:  layout_chaotic_city, lemuel_dead_fish_pool, grunt_megastairs_4,
          uniq_jory
Crypt:3:  cryptofortress_bobbens, uniq_boris
Tomb:1

Skill      XL: |  1  2  3  4  5  6  7  8  9 10 11 12 13 14 15 16 17 18 19 20 21 22 |
---------------+-------------------------------------------------------------------+-----
Axes           | 3 4 5 6 8 9 12 15 16 18 20 21 22 23 24 25 27 | 27.0
Fighting       | 4 5 6 7 10 11 12 14 16 17 18 19 20 21 22 | 22.5
Shields        | 4 5 9 13 14 16 18 19 | 19.3
Armour         | 4 5 7 9 10 11 12 14 15 16 17 | 17.6
Invocations    | 1 4 5 7 8 10 11 12 14 16 17 18 | 18.5
Throwing       | 1 2 |  2.5
Stealth        | 1 2 5 6 8 9 10 11 | 11.2
Long Blades    | 5 |  5.5
Dodging        | |  0.7

Action                     |  1- 3 |  4- 6 |  7- 9 | 10-12 | 13-15 | 16-18 | 19-21 | 22-24 || total
---------------------------+-------+-------+-------+-------+-------+-------+-------+-------++-------
  Melee: War axe           |   114 |    94 |   285 |       |       |       |       |       ||   493
         Hand axe          |       |       |    18 |       |   271 |  1194 |  1206 |   401 ||  3090
         Battleaxe         |       |       |    11 |   332 |   284 |       |       |       ||   627
         Scimitar          |       |       |       |       |    48 |       |       |       ||    48
         Punch             |       |       |       |       |     1 |       |       |       ||     1
  Throw: Javelin           |       |       |     6 |     3 |       |       |       |     4 ||    13
         Dart              |       |       |     1 |     3 |     3 |     8 |    16 |       ||    31
 Invoke: Heroism           |       |       |     6 |    13 |    21 |    18 |    40 |    10 ||   108
         Finesse           |       |       |       |       |     2 |     3 |     2 |     4 ||    11
         Receive Weapon    |       |       |       |       |       |     1 |       |       ||     1
         Receive Armour    |       |       |       |       |       |     1 |       |       ||     1
    Use: Scroll            |     1 |       |     3 |    17 |    12 |     8 |     2 |     2 ||    45
         Potion            |       |     1 |       |     4 |     1 |     4 |     2 |    12 ||    24
   Stab: Distracted        |       |       |       |       |     4 |    37 |    52 |     8 ||   101
 Armour: Scale mail        |    80 |    66 |       |       |       |       |       |       ||   146
         Chain mail        |       |       |   219 |   299 |   462 |   138 |       |       ||  1118
         Plate armour      |       |       |       |       |       |   329 |   461 |   215 ||  1005
  Dodge: Dodged            |    70 |    46 |    98 |   152 |   180 |   124 |   129 |    52 ||   851
  Block: Buckler           |    31 |    23 |    48 |       |    57 |       |       |       ||   159
         Other             |       |       |       |    50 |    46 |       |       |       ||    96
         Reflection        |       |       |       |     2 |     3 |     5 |       |       ||    10
         Tower shield      |       |       |       |       |    78 |  1074 |  1051 |   376 ||  2579
